 Dungeon Crawl Stone Soup version 0.28-a0-1374-ga75cb3825e (webtiles) character file.

Game seed: 11174138155222094140

18 Shayle the Grasshopper (level 2, -5/22 HPs)
             Began as a Demonspawn Warper on Jan 1, 2022.
             Slain by a water moccasin skeleton (7 damage)
             ... on level 3 of the Dungeon.
             The game lasted 00:02:55 (1242 turns).

Shayle the Grasshopper (Demonspawn Warper)          Turns: 1242, Time: 00:02:56

Health: -5/22      AC:  3    Str:  8 (11) XL:     2   Next: 51%
Magic:  5/5        EV:  8    Int: 13 (14) God:
Gold:   44         SH:  5    Dex: 10 (12) Spells: 5/5 levels left

rFire   . . .      SeeInvis +   a - +0 hand axe
rCold   . . .      Faith    .   (no shield)
rNeg    . . .      Spirit   .   b - +0 leather armour
rPois   .          Reflect  +   (no helmet)
rElec   .          Harm     .   (no cloak)
rCorr   .          Rampage  .   (no gloves)
Will    .....                   (no boots)
Stlth   ++........              j - amulet of reflection
HPRegen 0.07/turn               f - ring of see invisible
MPRegen 0.09/turn               (no ring)

@: constricted
A: demonic magic 1
a: no special abilities


You were on level 3 of the Dungeon.
You visited 1 branch of the dungeon, and saw 3 of its levels.

You collected 44 gold pieces.

Inventory:

Hand Weapons
 a - a +0 hand axe (weapon)
Missiles
 d - 5 boomerangs of dispersal (quivered)
Armour
 b - a +0 leather armour (worn)
Jewellery
 f - a ring of see invisible (left hand)
 j - an amulet of reflection (around neck)
Scrolls
 i - a scroll of enchant armour


   Skills:
 - Level 2.0 Fighting
 - Level 1.7 Axes
 - Level 0.8 Throwing
 - Level 0.8 Armour
 - Level 1.7 Dodging
 + Level 2.2 Stealth
 - Level 2.0 Spellcasting
 - Level 2.6 Translocations


You had 5 spell levels left.
You didn't know any spells.
Your spell library contained the following spells:

 Spells                   Type           Power      Damage    Failure   Level
 Blink                    Tloc           16%        N/A       19%         2
 Gell's Gravitas          Tloc           8%         N/A       34%         3
 Lesser Beckoning         Tloc           8%         N/A       34%         3
 Teleport Other           Tloc           8%         N/A       34%         3
 Manifold Assault         Tloc           8%         N/A       97%         5


Dungeon Overview and Level Annotations

Branches:
Dungeon (3/15)

Altars:

Annotations:
D:2 Terence


Innate Abilities, Weirdness & Mutations

Spells you cast may paralyse adjacent enemies.


Message History

The ball python constricts you.
A water moccasin skeleton comes into view.
As you read the scroll labelled DEDGHA OFFUT, it crumbles to dust.
It is a scroll of identify.
i - a scroll of enchant armour The quokka bites you.
The ball python barely misses you. The ball python constricts you.
You escape the ball python's grasp.
The bat barely misses you. The bat hits you but does no damage.
You aren't carrying any potions.
Unknown command.
You barely miss the bat.
The endoplasm quivers.
You block the bat's attack. The bat closely misses you. The bat hits you.
You hit the goblin.
You kill the goblin!
You barely miss the bat. The bat barely misses you.
Unknown command.
You hit the ball python.
The ball python is moderately wounded.
You hit the rat.
You kill the rat!
The ball python bites you. The ball python grabs you.
The ball python constricts you. The ball python bites you.
The ball python constricts you.
You hit the ball python.
The ball python is heavily wounded.
You hit the bat. You block the bat's attack.
The bat hits you but does no damage.
The ball python bites you but does no damage.
The ball python constricts you. The water moccasin skeleton bites you.
* * * LOW HITPOINT WARNING * * *
You hit the water moccasin skeleton.
The water moccasin skeleton is lightly damaged.
You hit the ball python. The bat barely misses you.
The ball python bites you but does no damage.
The ball python constricts you.
* * * LOW HITPOINT WARNING * * *
The water moccasin skeleton bites you!
You die...

........ ..... .......
..... ............
....#...... ...#......
. .J....... ..
#Z....... ... #@# ..#
.... ####S#...#. .....
#.oro.......
#...o.######.o>........
.......o.......<.......
.......................
....................#..
.......................
#...............##....


You could see an orc wizard, an orc, an endoplasm, a quokka, a ball python and a
water moccasin skeleton.

Vanquished Creatures
  3 ball pythons (D:1)
  2 giant cockroaches (D:1)
  2 goblins
  3 kobolds (D:1)
  4 bats
  A frilled lizard (D:1)
  2 rats
17 creatures vanquished.

Notes
Turn   | Place    | Note
-------+----------+-------------------------------------------
     0 | D:1      | Shayle the Demonspawn Warper began the quest for the Orb.
     0 | D:1      | Reached XP level 1. HP: 16/16 MP: 3/3
    72 | D:1      | Reached skill level 1 in Stealth
   449 | D:1      | Gained mutation: Spells you cast may paralyse adjacent
                  | enemies. [demonic ancestry]
   449 | D:1      | Reached XP level 2. HP: 22/22 MP: 5/5
   640 | D:1      | Found a faded altar of an unknown god.
  1215 | D:2      | Noticed Terence
  1242 | D:3      | Slain by a water moccasin skeleton

Illustrated notes

Levels and vault maps discovered:
D:1:      heliophobic_arrival_battle_scene, layout_loops_ring,
          dreamdust_ecumenical_altar_statues
D:2:      minmay_chambers_of_ones, layout_basic, uniq_terence
D:3:      layout_basic, nemelex_spade_bored_becter, portal_sewer_entry_d,
          minmay_misc_feat_chi

Skill      XL: |  1  2 |
---------------+-------+-----
Stealth        | 1 2 |  2.2
Fighting       | |  2.0
Axes           | |  1.7
Throwing       | |  0.8
Armour         | |  0.8
Dodging        | |  1.7
Spellcasting   | |  2.0
Translocations | |  2.6

Action                   || total
-------------------------++-------
Melee: Hand axe          ||    71
  Use: Scroll            ||     2
       Potion            ||     2
 Stab: Sleeping          ||     2
Armor: Leather armour    ||    32
Dodge: Dodged            ||    64
Block: Other             ||     4

Table legend: (Time is in decaauts)
 A = Elapsed time spent in this place.
 B = Non-inter-level travel time spent in this place.
 C = Inter-level travel time spent in this place.
 D = Time resting spent in this place.
 E = Time spent auto-exploring this place.
 F = Levels seen in this place.
 G = Mean time per level.
                   A        B        C        D        E       F      G
               +--------+--------+--------+--------+--------+-----+--------+
         Total |   1256 |   1256 |      0 |    258 |    778 |   3 |  418.7 |
       Dungeon |   1256 |   1256 |      0 |    258 |    778 |   3 |  418.7 |
               +--------+--------+--------+--------+--------+-----+--------+

Top non-repeatable levels by time:
     D:1: 1134 daAuts
     D:2: 104 daAuts
     D:3: 17 daAuts
